AoeStats
← tarepo

Black Forest

504085829Analyzed
4v4 RM · 28d ago on Sep 3, 2026· 57m 29s· 8 players
Game mode
Random Map
Map size
Large (8 player)
Population
200
Speed
Normal
Resources
Standard
Victory
Conquest
Starting age
Dark Age
Ending age
Imperial Age
RankedLock teamsTeams togetherTeam positionsShared explorationLock speedFull tech treeHidden civsTurbo modeCheats
Victory
Defeat
🇦🇷 Goths · Argentina
599
+14
🇵🇹 Byzantines · Portugal
447
+21
🇨🇳 Khmer · China
444
+21
🇦🇷 Japanese · Argentina
421
+22
🇫🇮 Aztecs · Finland
634
-23
🇨🇭 Spanish · Switzerland
547
-19
🇵🇱 Bohemians · Poland
541
-19
🇸🇰 Vikings · Slovakia
490
-17
Olen Mursu
0:59 Loom
14:43 Feudal Age
19:32 Town Watch
26:20 Stone Mining
26:19 Double-Bit Axe
26:48 Scale Mail Armor
31:32 Castle Age
29:17 Horse Collar
29:56 Forging
29:41 Gold Mining
31:01 Man-at-Arms
33:20 Gold Shaft Mining
33:21 Stone Shaft Mining
33:15 Squires
32:40 Long Swordsman
38:13 Gambesons
38:14 Arson
45:37 Atlatl
45:53 Town Patrol
46:28 Wheelbarrow
47:26 Bow Saw
50:12 Imperial Age
47:59 Pikeman
49:00 Caravan
49:40 Iron Casting
49:20 Chain Mail Armor
50:49 Hand Cart
51:42 Conscription
52:17 Heavy Plow
52:36 Chain Mail Armor
51:56 Two-Handed Swordsman
53:03 Garland Wars
54:27 Champion
57:18 Plate Mail Armor
57:58 Blast Furnace
coran
15:47 Loom
17:40 Feudal Age
19:10 Town Watch
22:21 Double-Bit Axe
23:19 Horse Collar
30:47 Castle Age
30:54 Padded Archer Armor
30:55 Scale Mail Armor
31:06 Forging
30:47 Fletching
34:21 Bow Saw
38:02 Imperial Age
35:17 Elite Skirmisher
37:57 Squires
37:17 Pikeman
40:12 Conscription
42:32 Halberdier
43:17 Elite Hussite Wagon
46:47 Chemistry
46:01 Fortified Wall
46:04 Masonry
49:12 Leather Archer Armor
48:53 Bodkin Arrow
49:14 Chain Mail Armor
49:35 Iron Casting
51:50 Two-Man Saw
51:29 Wheelbarrow
52:17 Fervor
52:23 Wagenburg Tactics
53:55 Ballistics
tarepo
2:48 Loom
14:43 Feudal Age
19:53 Castle Age
17:51 Double-Bit Axe
17:57 Horse Collar
20:06 Gold Mining
20:28 Stone Mining
21:50 Wheelbarrow
21:36 Bow Saw
21:52 Town Watch
23:32 Heavy Plow
27:57 Forging
27:53 Scale Barding Armor
28:09 Hand Cart
34:06 Imperial Age
32:03 Caravan
32:29 Scale Barding Armor
33:06 Town Patrol
35:02 Stone Shaft Mining
34:53 Chain Barding Armor
35:09 Iron Casting
34:41 Husbandry
34:52 Bloodlines
35:39 Cavalier
36:43 Conscription
37:56 Two-Man Saw
39:39 Plate Barding Armor
40:04 Blast Furnace
39:10 Padded Archer Armor
40:14 Fletching
40:43 Paladin
43:05 Scale Mail Armor
43:21 Leather Archer Armor
42:31 Elite Conquistador
43:43 Masonry
43:44 Fortified Wall
43:30 Murder Holes
46:00 Ring Archer Armor
46:10 Architecture
46:40 Onager
49:05 Light Cavalry
51:38 Hussar
54:19 Chemistry
p.drahos71
1:03 Loom
15:12 Feudal Age
15:36 Horse Collar
15:49 Double-Bit Axe
16:52 Town Watch
28:02 Castle Age
27:53 Gold Mining
27:55 Stone Mining
29:03 Fletching
29:53 Heavy Plow
30:08 Bow Saw
31:32 Gold Shaft Mining
33:00 Caravan
35:18 Bodkin Arrow
38:53 Fortified Wall
42:03 Imperial Age
40:19 Town Patrol
41:14 Squires
42:07 Man-at-Arms
43:56 Forging
44:35 Crop Rotation
44:58 Ballistics
44:44 Siphons
44:44 Scale Mail Armor
44:46 Padded Archer Armor
46:29 Bracer
47:05 Iron Casting
47:38 Treadmill Crane
50:23 Pikeman
50:50 Gambesons
50:27 Long Swordsman
56:24 Two-Man Saw
56:35 Chemistry
57:10 Murder Holes
ӄǟʋǟ
13:18 Feudal Age
14:10 Double-Bit Axe
16:10 Horse Collar
16:52 Gold Mining
17:13 Stone Mining
17:26 Loom
27:25 Castle Age
30:54 Wheelbarrow
32:43 Gold Shaft Mining
32:44 Stone Shaft Mining
32:27 Heavy Plow
33:34 Bow Saw
34:48 Hand Cart
55:23 Pikeman
56:04 Squires
56:21 Forging
56:02 Fletching
56:12 Scale Mail Armor
56:18 Scale Barding Armor
56:14 Padded Archer Armor
HELLsing
0:27 Loom
11:01 Feudal Age
12:27 Man-at-Arms
15:38 Double-Bit Axe
15:48 Gold Mining
17:19 Wheelbarrow
22:28 Horse Collar
22:53 Stone Mining
25:51 Castle Age
26:03 Forging
25:53 Scale Mail Armor
28:05 Hand Cart
28:28 Iron Casting
27:44 Town Watch
29:03 Squires
30:02 Bow Saw
33:31 Chain Mail Armor
34:41 Anarchy
37:35 Imperial Age
35:31 Padded Archer Armor
38:10 Elite Huskarl
39:52 Perfusion
40:13 Conscription
44:14 Heavy Plow
45:20 Two-Man Saw
45:08 Stone Shaft Mining
45:36 Crop Rotation
47:35 Blast Furnace
46:52 Leather Archer Armor
46:43 Scale Barding Armor
46:28 Fletching
49:48 Chemistry
48:44 Murder Holes
54:51 Chain Barding Armor
55:02 Ring Archer Armor
54:27 Bodkin Arrow
SxGxLx_
0:37 Loom
15:00 Feudal Age
17:03 Fishing Lines
17:14 Double-Bit Axe
16:58 Man-at-Arms
18:27 Wheelbarrow
17:47 Horse Collar
18:07 Gold Mining
25:23 Castle Age
23:43 Arson
24:06 Stone Mining
26:11 Forging
26:02 Scale Mail Armor
25:40 Long Swordsman
27:09 Gambesons
27:26 Squires
28:12 Pikeman
29:30 Crossbowman
29:32 Elite Skirmisher
31:09 Bow Saw
31:59 Heavy Plow
32:36 Fortified Wall
34:42 Gold Shaft Mining
34:56 Thumb Ring
35:38 Hand Cart
36:43 Town Watch
38:02 Iron Casting
37:44 Chain Mail Armor
37:43 Yasama
38:16 Fishing Lines
41:11 Imperial Age
39:45 Fletching
39:56 Padded Archer Armor
41:01 Ballistics
42:45 Elite Samurai
43:49 Kataparuto
43:26 Two-Handed Swordsman
45:53 Blast Furnace
45:00 Arbalester
47:46 Chemistry
46:44 Halberdier
49:19 Conscription
48:52 Heavy Scorpion
51:15 Two-Man Saw
50:45 Siege Engineers
51:15 Plate Mail Armor
50:41 Bodkin Arrow
54:14 Bracer
54:30 Leather Archer Armor
54:34 Masonry
54:05 Treadmill Crane
53:56 Champion
57:09 Onager
##
11:50 Feudal Age
10:35 Loom
16:05 Castle Age
14:11 Horse Collar
14:31 Double-Bit Axe
17:01 Wheelbarrow
20:07 Stone Mining
20:21 Heavy Plow
20:34 Bow Saw
28:54 Hand Cart
33:49 Imperial Age
31:48 Forging
31:43 Scale Barding Armor
31:39 Scale Mail Armor
33:20 Iron Casting
32:41 Gold Mining
33:26 Stone Shaft Mining
35:31 Town Watch
36:26 Gold Shaft Mining
36:56 Blast Furnace
36:17 Chain Barding Armor
36:13 Chain Mail Armor
35:52 Heavy Scorpion
37:43 Masonry
37:30 Murder Holes
37:58 Ballistics
37:51 Siege Engineers
37:34 Elite Ballista Elephant
38:15 Tusk Swords
40:25 Crop Rotation
41:16 Double Crossbow
41:17 Tusk Swords
40:38 Elite Ballista Elephant
48:03 Husbandry
48:14 Bloodlines
47:25 Light Cavalry
48:52 Plate Barding Armor
48:17 Padded Archer Armor
48:08 Fletching
49:56 Cavalier
Connection lost

Rejoining the realm…

Still unreachable

The connection could not be restored.

Session expired

The server has moved on; the page needs a fresh start.